 Dungeon Crawl Stone Soup version 0.18-a0-1773-gec4f98e (webtiles) character file.

7672 dobroeutro the Blocker (level 11, -1/71 HPs)
             Began as a Gargoyle Fighter on Apr 14, 2016.
             Was a Priest of Okawaru.
             Slain by a yak (7 damage)
             ... on level 11 of the Dungeon.
             The game lasted 00:22:24 (9174 turns).

dobroeutro the Blocker (Gargoyle Fighter)           Turns: 9174, Time: 00:22:24

Health: -1/71      AC: 19    Str: 20    XL:     11   Next: 18%
Magic:  11/11      EV: 10    Int:  9    God:    Okawaru [***...]
Gold:   454        SH: 17    Dex: 10    Spells: 0 memorised, 10 levels left

rFire  . . .     SeeInvis +     a - +1 flail (freeze)
rCold  . . .     Gourm    .     y - +1 ring mail {rPois}
rNeg   + . .     Faith    .     c - +2 shield
rPois  ∞         Spirit   .     R - +2 hat
rElec  +         Dismiss  .     (no cloak)
rCorr  .         Reflect  +     l - +0 pair of gloves
SustAt .         Harm     .     J - +0 pair of boots (curse)
MR     .....                    w - +3 amulet of reflection
Stlth  ..........               z - ring of wizardry
                                A - ring of see invisible

@: vulnerable, not resistant to hostile enchantments, extremely unstealthy
A: antennae 1, talons 1, yellow scales 1, blurry vision 1, deformed body,
negative energy resistance 1, electricity resistance, weak 1, unbreathing,
petrification resistance, rot immunity, sturdy frame 1, AC +7
a: Heroism, Renounce Religion


You were on level 11 of the Dungeon.
You worshipped Okawaru.
Okawaru was most pleased with you.
You were hungry.

You visited 2 branches of the dungeon, and saw 12 of its levels.
You also visited: Sewer.

You collected 701 gold pieces.
You spent 247 gold pieces at shops.

Inventory:

Hand Weapons
 a - a +1 flail of freezing (weapon)
Armour
 c - a +2 shield (worn)
 l - a +0 pair of gloves (worn)
 y - a +1 ring mail of poison resistance (worn)
 J - a cursed +0 pair of boots (worn)
 R - a +2 hat (worn)
Jewellery
 w - a +3 amulet of reflection (around neck)
 z - a ring of wizardry (right hand)
 A - a ring of see invisible (left hand)
 G - an uncursed ring of wizardry
Wands
 b - a wand of digging (16/24)
 E - a wand of flame (30/48)
 M - a wand of flame (21/48)
 N - a wand of confusion (25/48)
 T - a wand of acid (9/15)
Scrolls
 i - a scroll of fog
 o - 2 scrolls of random uselessness
 q - a scroll of immolation
 t - 3 scrolls of remove curse
 v - 13 scrolls of identify
 B - a scroll of amnesia
 F - a scroll of brand weapon
 O - a scroll of teleportation
 P - 2 scrolls of fear
 Q - 2 scrolls of magic mapping
Potions
 d - 2 potions of might
 j - 2 potions of resistance
 k - a potion of agility {unknown}
 n - 3 potions of degeneration {unknown}
 p - 6 potions of curing
 r - 2 potions of haste {unknown}
 u - 2 potions of magic {unknown}
 x - a potion of cure mutation {unknown}
 C - 2 potions of heal wounds {unknown}
 I - 2 potions of ambrosia {unknown}
 K - 2 potions of flight {unknown}
 L - a potion of cancellation {unknown}
Comestibles
 f - 4 bread rations
 g - 2 beef jerkies
 h - 13 fruits
 s - 3 meat rations
 H - 3 slices of pizza


   Skills:
 + Level 9.1 Fighting
 + Level 9.2 Maces & Flails
 + Level 6.8 Armour
 + Level 12.1 Shields


You had 10 spell levels left.
You didn't know any spells.

Dungeon Overview and Level Annotations

Branches:
Dungeon (11/15)            Temple (1/1) D:7
   Lair: D:8-11         Orc: D:9-12

Altars:
Ashenzari
Cheibriados
Dithmenos
Elyvilon
Fedhas
Gozag
Kikubaaqudgha
Makhleb
Nemelex Xobeh
Okawaru
Pakellas
Qazlal
Ru
Sif Muna
Trog
Vehumet
Xom
Yredelemnul
Zin
The Shining One

Shops:
D:7 *   D:8 !?::}   D:9 (   D:10 }


Innate Abilities, Weirdness & Mutations

You are resistant to torment.
Your stone body is resilient (AC +7).
You are immune to poison.
You resist negative energy.
You are resistant to electric shocks.
You can survive without breathing.
You are immune to petrification.
You are immune to rotting.
You have a pair of small antennae on your head.
You have sharp toenails.
You are partially covered in yellow scales (AC +2).
Scrolls take you a little longer to read.
Armour fits poorly on your strangely shaped body.
You are weak. (Str -2)
Your movements are slightly less encumbered by armour (ER -2).


Message History

You block the sky beast's attack. The hill giant barely misses you.
The yak gores you!
* * * LOW HITPOINT WARNING * * *
You thump the hill giant! You freeze the hill giant.
You kill the hill giant!
Okawaru is honoured by your kill. The yak misses you.
You block the killer bee's attack. The sky beast closely misses you.
You barely miss the killer bee.
The killer bee is lightly wounded.
You block the killer bee's attack. x2; The yak gores you.
* * * LOW HITPOINT WARNING * * *
You block the yak's attack. You block the sky beast's attack.
You block the killer bee's attack. The yak closely misses you.
You sock the killer bee! You freeze the killer bee.
The killer bee is almost dead.
You block the killer bee's attack. The yak barely misses you.
You block the sky beast's attack. The killer bee closely misses you.
The yak gores you!
You die...

,,,,*,<,*,,,,,,,,,*
,,,,,,*,..,,,,,,,,*
,,,,,,,,...********
,,,,,,,,...[*
,,,,,,,,....######
,,,,,,,,.......$.#
,*,,,,,,........l#
**,,,,,,......yYY#
,*,,,,,,......YY@#
,,,,,,,,...#...#y##
,*,,,,,,..........###
,,,,,,,,............###
,,,,,,,,..............####
,,,,,,,,..........#<.....#*
,,,,,,,,..................#****
,,,,,,,,..........#........,,,*
,,,,,,,,,..$.......####....,,,*


You could see 3 yaks, a sky beast, 2 killer bees and a giant gecko.

Vanquished Creatures
  A hill giant (D:11)
  Pikel (D:5)
  Joseph (D:8)
  Maurice (D:9)
  A two-headed ogre (D:8)
  7 yaks
  The ghost of ZenAnTen the Skirmisher, an amateur DsAK of Lugonu (Sewer)
  Menkaure (D:4)
  A spatial vortex (D:6)
  3 water moccasins
  Duvessa (D:5)
  2 black bears
  2 orc warriors (D:6)
  An ice beast (D:9)
  5 ogres
  3 centaurs
  The ghost of Arantyr the Shooter, an amateur HEHu (D:3)
  A crocodile (D:7)
  7 big kobolds
  A giant frog (D:7)
  Dowan (D:5)
  4 scorpions
  3 killer bees (D:10)
  5 wights (D:9)
  A howler monkey (D:5)
  4 crimson imps
  5 hounds
  3 jellies (D:9)
  9 orc priests
  7 orc wizards
  A centaur skeleton (D:5)
  2 worker ants
  An iguana (D:7)
  A killer bee zombie (D:9)
  2 howler monkey zombies (D:6)
  11 gnolls
  A river rat (Sewer)
  19 adders
  2 shadow imps (D:5)
  7 oozes
  2 adder skeletons
  An adder zombie (D:5)
  3 worms
  2 dart slugs
  9 giant geckos
  20 orcs
  7 giant cockroaches
  4 goblins
  8 hobgoblins
  15 jackals
  9 kobolds
  4 quokkas
  4 ball pythons (Sewer)
  6 bats
  A giant gecko skeleton (D:7)
  A giant newt (D:2)
  A jackal skeleton (D:4)
  A quokka zombie (D:7)
  28 rats
257 creatures vanquished.

Vanquished Creatures (collateral kills)
  A yak (D:11)
  A giant frog (D:11)
2 creatures vanquished.

Vanquished Creatures (others)
  2 centaurs
  A howler monkey skeleton (D:5)
3 creatures vanquished.

Grand Total: 262 creatures vanquished

Notes
Turn   | Place    | Note
--------------------------------------------------------------
     0 | D:1      | dobroeutro the Gargoyle Fighter began the quest for the Orb.
     0 | D:1      | Reached XP level 1. HP: 14/14 MP: 1/1
   215 | D:1      | Reached XP level 2. HP: 13/19 MP: 2/2
   629 | D:1      | Reached XP level 3. HP: 17/24 MP: 3/3
  1089 | D:1      | Reached skill level 4 in Shields
  1089 | D:1      | Reached XP level 4. HP: 8/29 MP: 4/4
  1768 | D:3      | Noticed Arantyr's ghost (amateur HEHu)
  2041 | D:3      | Killed Arantyr's ghost
  2041 | D:3      | Reached skill level 5 in Shields
  2041 | D:3      | Reached XP level 5. HP: 25/34 MP: 5/5
  2325 | D:3      | Found a glowing drain.
  2329 | Sewer    | Entered a sewer
  2329 | Sewer    | Noticed ZenAnTen's ghost (amateur DsAK)
  2349 | Sewer    | Killed ZenAnTen's ghost
  2349 | Sewer    | Reached XP level 6. HP: 36/39 MP: 6/6
  2627 | Sewer    | Reached skill level 6 in Shields
  2627 | Sewer    | Reached XP level 7. HP: 23/44 MP: 7/7
  2708 | Sewer    | Reached skill level 5 in Armour
  2954 | Sewer    | Reached skill level 5 in Fighting
  3046 | Sewer    | Reached skill level 7 in Shields
  3180 | D:3      | Reached XP level 8. HP: 49/49 MP: 8/8
  3764 | D:4      | Found a shadowy altar of Dithmenos.
  3764 | D:4      | Found an oddly glowing altar of Pakellas.
  3841 | D:4      | Reached skill level 8 in Shields
  4066 | D:4      | Noticed Menkaure
  4076 | D:4      | Killed Menkaure
  4076 | D:4      | Reached skill level 5 in Maces & Flails
  4573 | D:5      | Entered Level 5 of the Dungeon
  4637 | D:5      | Noticed Pikel
  4670 | D:5      | Killed Pikel
  4670 | D:5      | Reached skill level 9 in Shields
  4670 | D:5      | Reached XP level 9. HP: 48/56 MP: 9/9
  4857 | D:5      | Found a snail-covered altar of Cheibriados.
  5228 | D:5      | Noticed Duvessa
  5244 | D:5      | Killed Duvessa
  5246 | D:5      | Noticed Dowan
  5247 | D:5      | Killed Dowan
  5670 | D:6      | Found a sparkling altar of Nemelex Xobeh.
  6066 | D:6      | Reached skill level 10 in Shields
  6478 | D:7      | Found a staircase to the Ecumenical Temple.
  6485 | Temple   | Entered the Ecumenical Temple
  6495 | Temple   | Became a worshipper of Warmaster Okawaru
  6617 | D:6      | Reached XP level 10. HP: 25/63 MP: 10/10
  7203 | D:7      | Found Uforhien's General Store.
  7205 | D:7      | Found a stormy altar of Qazlal.
  7358 | D:8      | Reached * piety under Okawaru
  7371 | D:8      | Found Keugi's Book Boutique.
  7393 | D:8      | Found a white marble altar of Elyvilon.
  7393 | D:8      | Found a shimmering altar of Xom.
  7395 | D:8      | Found a glowing golden altar of the Shining One.
  7400 | D:8      | Found Goroown's Book Shop.
  7404 | D:8      | Found Caut's Magic Scroll Shoppe.
  7413 | D:8      | Bought a scroll of enchant armour for 82 gold pieces
  7419 | D:8      | Noticed Joseph
  7448 | D:8      | Killed Joseph
  7448 | D:8      | Reached skill level 11 in Shields
  7452 | D:8      | Found a radiant altar of Vehumet.
  7488 | D:8      | Found Wioc Byl's Distillery.
  7494 | D:8      | Bought a potion of curing for 45 gold pieces
  7494 | D:8      | Bought 2 potions of mutation for 75 gold pieces
  7494 | D:8      | Bought a potion of curing for 45 gold pieces
  7494 | D:8      | Gained mutation: Your spells are a little easier to cast, but a little less powerful. [potion of mutation]
  7494 | D:8      | Lost mutation: Your spells are a little easier to cast, but a little less powerful. [potion of mutation]
  7494 | D:8      | Gained mutation: You are partially covered in yellow scales (AC +2). [potion of mutation]
  7495 | D:8      | Gained mutation: Your spells are a little easier to cast, but a little less powerful. [potion of mutation]
  7495 | D:8      | Gained mutation: You have sharp toenails. [potion of mutation]
  7495 | D:8      | Gained mutation: Scrolls take you a little longer to read. [potion of mutation]
  7496 | D:8      | Gained mutation: You are clumsy. (Dex -2) [potion of mutation]
  7496 | D:8      | Gained mutation: Your movements are slightly less encumbered by armour (ER -2). [potion of mutation]
  7496 | D:8      | Gained mutation: You have a pair of small antennae on your head. [potion of mutation]
  7497 | D:8      | Gained mutation: Armour fits poorly on your strangely shaped body. [potion of mutation]
  7497 | D:8      | Lost mutation: You are clumsy. (Dex -2) [potion of mutation]
  7498 | D:8      | Gained mutation: You are weak. (Str -2) [potion of mutation]
  7498 | D:8      | Lost mutation: Scrolls take you a little longer to read. [potion of mutation]
  7498 | D:8      | Lost mutation: Your spells are a little easier to cast, but a little less powerful. [potion of mutation]
  7556 | D:8      | Found a burning altar of Makhleb.
  7645 | D:8      | Found Burhehi's Gadget Boutique.
  7805 | D:9      | Got a steaming leather armour
  7816 | D:9      | Identified the +0 leather armour of the Catfish {*Contam Int+6} (You found it on level 9 of the Dungeon)
  7886 | D:9      | Gained mutation: Scrolls take you a little longer to read. [mutagenic glow]
  7929 | D:9      | Noticed Maurice
  7976 | D:9      | Killed Maurice
  7976 | D:9      | Reached ** piety under Okawaru
  8204 | D:9      | Found Eryi's Antique Weapon Shoppe.
  8419 | D:10     | Entered Level 10 of the Dungeon
  8600 | D:10     | Reached *** piety under Okawaru
  8600 | D:10     | Reached XP level 11. HP: 67/69 MP: 11/11
  8896 | D:10     | Found Eme Isku's Gadget Emporium.
  8905 | D:10     | Reached skill level 12 in Shields
  9153 | D:11     | Noticed a hill giant
  9172 | D:11     | Killed a hill giant
  9174 | D:11     | Slain by a yak

Vault maps used:
D:1:      wheals_arrival_shading, serial_co_window_serial, co_window_corner_a,
          co_window_paths_b, co_window_of_opportunity_a, co_window_cross_1,
          co_window_paths_a, co_window_of_opportunity_a, co_window_paths_b,
          co_window_paths_a, co_window_of_opportunity_a, co_window_corner_b,
          co_window_of_opportunity_b, co_window_broadway_c, co_window_4corner_b,
          st_stairs_12
D:3:      gup_sewer_entry_bowl, minmay_rat_hole
D:4:      gammafunk_temple_overflow_pools, first_bread, uniq_menkaure
D:5:      basic_altar, grunt_ministairs_11, uniq_pikel, uniq_duvessa
D:6:      basic_altar
D:7:      nicolae_qazlal_eye_of_the_storm, minmay_temple_entry_statues_pillars,
          serial_shops, shop
D:8:      vehumet_crystals, nicolae_overflow_quartered_altars,
          minmay_lair_entry_grove, serial_shops,
          nicolae_shop_competitors_out_of_business, shop, shop, shop_statue,
          nicolae_shop_trees, grunt_livestock, uniq_erolcha, uniq_joseph
D:9:      serial_shops, kennysheep_mini, uniq_maurice
D:10:     serial_shops, kennysheep_little_box
D:11:     portal_ice_cave_entry_pillars_01
Temple:   nicolae_temple_no_exploring_needed
Sewer:    sewer_co_tree

Skill      XL: |  1  2  3  4  5  6  7  8  9 10 11 |
---------------+----------------------------------+-----
Fighting       | 4 5 6 7 8 9 |  9.1
Shields        | 4 5 6 7 9 10 11 12 | 12.1
Armour         | 4 5 6 |  6.8
Maces & Flails | 3 5 7 8 9 |  9.2

Action                   |  1- 3 |  4- 6 |  7- 9 | 10-12 || total
-------------------------+-------+-------+-------+-------++-------
Melee: Flail             |   132 |   327 |   764 |   476 ||  1699
  Use: Scroll            |       |    10 |       |     7 ||    17
       Potion            |       |       |       |     5 ||     5
  Eat: Chunk             |     1 |     4 |    15 |     9 ||    29
       Beef jerky        |       |     1 |       |       ||     1
Armor: Scale mail        |    82 |   154 |   154 |       ||   390
       Ring mail         |       |       |   144 |   145 ||   289
Dodge: Dodged            |    55 |    81 |   214 |   120 ||   470
Block: Shield            |    79 |   253 |   542 |   368 ||  1242
       Reflection        |       |     1 |     7 |    13 ||    21
       Other             |       |       |     7 |       ||     7
